 Dungeon Crawl Stone Soup version 0.24.1 (webtiles) character file.

Game seed: 4710041747133947962, levelgen mode: deterministic

6407 MajorAdolf the Covert (level 10, -4/126 HPs)
             Began as a Naga Wanderer on Apr 6, 2020.
             Was a Follower of Dithmenos.
             Slain by a death yak (8 damage)
             ... on level 9 of the Dungeon.
             The game lasted 00:27:39 (12837 turns).

MajorAdolf the Covert (Naga Wanderer)              Turns: 12837, Time: 00:27:39

Health: -4/126     AC: 25    Str: 26    XL:     10   Next: 98%
Magic:  10/10      EV:  1    Int: 14    God:    Dithmenos [*.....]
Gold:   259        SH:  3    Dex: 16    Spells: 9/9 levels left

rFire    . . .     SeeInvis +   D - +6 falchion
rCold    . . .     Gourm    .   K - +0 buckler
rNeg     + + +     Faith    .   (armour currently unavailable)
rPois    +         Spirit   .   (helmet currently unavailable)
rElec    .         Reflect  .   (cloak currently unavailable)
rCorr    .         Harm     .   (gloves currently unavailable)
MR       +....     NoTele   +   (no barding)
Stlth    +++++++...             Q - amulet of rage
HPRegen  0.31/turn              u - +5 ring of strength
MPRegen  0.12/turn              C - ring of wizardry

@: mighty, agile, tree-form, hasted, wreathed by umbra, very quick
A: large, see invisible, slow metabolism 1, spit poison 1, AC +3
a: Spit Poison, Renounce Religion, Evoke Berserk Rage


You were on level 9 of the Dungeon.
You worshipped Dithmenos.
Dithmenos was aware of your devotion.
You were hungry.
You were a tree.
You visited 2 branches of the dungeon, and saw 10 of its levels.

You collected 343 gold pieces.
You spent 84 gold pieces at shops.

Inventory:

Hand Weapons
 l - a +0 dagger of protection
 v - a +1 whip of electrocution
 w - a +1 dagger of draining
 D - a +6 falchion (weapon)
 J - a +2 dagger of flaming
Armour
 b - a +0 pair of gloves (melded)
 e - a +0 robe
 m - a +2 scale mail of poison resistance (melded)
 n - a scarf of repulsion (melded)
 B - a +0 cloak
 K - a +0 buckler (worn)
Magical Staves
 h - an uncursed staff of poison
Jewellery
 u - a +5 ring of strength (left branch)
 C - a ring of wizardry (right branch)
 Q - an amulet of rage (around neck)
Wands
 a - a wand of random effects (21)
 j - a wand of enslavement (3)
 s - a wand of disintegration (5)
 H - a wand of paralysis (9)
 I - a wand of iceblast (13)
 L - a wand of digging (5)
Scrolls
 g - 3 scrolls of enchant armour
 k - a scroll of fear {unknown}
 o - 4 scrolls of remove curse
 q - a scroll of amnesia
 r - a scroll of immolation
 x - 2 scrolls of magic mapping
 y - 2 scrolls of teleportation
 P - 3 scrolls of blinking
Potions
 i - a potion of brilliance
 p - a potion of magic
 z - 2 potions of degeneration
 F - a potion of invisibility
 M - a potion of might
Comestibles
 f - 12 rations


   Skills:
 - Level 3.0 Fighting
 - Level 11.3(12.3) Short Blades
 - Level 8.4(11.0) Long Blades
   Level 1.0 Axes
 - Level 1.0 Staves
 - Level 1.5 Armour
 - Level 1.0 Dodging
 + Level 12.1 Stealth


You had 9 spell levels left.
You didn't know any spells.
Your spell library was empty.

Dungeon Overview and Level Annotations

Branches:
Dungeon (9/15)             Temple (1/1) D:4            Lair (0/6) D:9
    Orc: D:9-12

Altars:
Cheibriados
Dithmenos
Elyvilon
Fedhas
Gozag
Hepliaklqana
Kikubaaqudgha
Makhleb
Nemelex Xobeh
Okawaru
Qazlal
Ru
Sif Muna
Trog
Uskayaw
Vehumet
Wu Jian
Xom
Yredelemnul
Zin
The Shining One

Shops:
D:4 [

Annotations:
D:3 2 transporters, Rwicked's ghost, amateur GrFi
D:5 exclusion: downstairs


Innate Abilities, Weirdness & Mutations

You cannot wear boots.
((Your serpentine skin is tough. (AC +3)))
You have supernaturally acute eyesight. (SInv)
((Armour fits poorly on your strangely shaped body.))
((Your system is resistant to poisons. (rPois)))
((You cover ground very slowly.))
You have a slow metabolism.
You can spit poison.
((You are covered in fur. (AC +1)))
((You are occasionally teleported next to monsters.))


Message History

Unknown command.
You feel better. The death yak gores you!
* * * LOW HITPOINT WARNING * * *
Unknown command.
You feel better.
The death yak gores you but does no damage.
You feel agile all of a sudden.
The death yak gores you but does no damage.
You feel yourself speed up.
The death yak gores you but does no damage.
You hit the death yak.
The death yak is moderately wounded.
The death yak gores you!
* * * LOW HITPOINT WARNING * * *
You slash the death yak!
The death yak is moderately wounded.
You barely miss the death yak.
The death yak is moderately wounded.
The death yak gores you!
You die...

*.........,,.....# *,.* *
#........#***#(..####..*****
#.O......# #.........,,,,,
#........# #........#*****
#........# #........#
#........#####........#
#.....................#
*****#.........†.Y.........#***
,,,,,...........♣...........,,*
,,,,,...........÷..........#,,*
,,,,,.........####..........,,*
,,,,,c........# #..........,,*
,,,,,.........####.......#.,,,***
,,,,,.....................,,,,,,,
,,,,,.........>..........>,,,,,**
,,,,,..............)...#..,,,,,*
,,,,,,,,,,,...............,,,,,*


You could see a death yak.

Vanquished Creatures
  A two-headed ogre (D:6)
  2 death yaks (D:9)
  Maurice (D:8)
  A hippogriff (D:9)
  6 yaks (D:7)
  A water moccasin (D:7)
  A porcupine (D:9)
  An orc warrior (D:8)
  An ice beast (D:7)
  3 sky beasts
  5 ogres
  A black bear (D:7)
  A phantom (D:5)
  4 centaurs
  2 big kobolds
  3 scorpions
  6 wights
  A bullfrog zombie (D:6)
  2 howler monkeys
  5 crimson imps
  2 hounds
  4 orc wizards
  A bullfrog skeleton (D:5)
  Ijyb (D:4)
  9 worker ants
  A killer bee zombie (D:6)
  11 gnolls
  8 adders
  3 shadow imps
  An ooze (D:1)
  4 worms
  3 adder skeletons
  4 dart slugs
  4 leopard geckos
  8 orcs
  3 ball pythons
  11 giant cockroaches
  7 goblins
  5 hobgoblins
  13 jackals
  18 kobolds
  3 quokkas
  7 bats
  6 frilled lizards
  A quokka zombie (D:5)
  8 rats
194 creatures vanquished.

Notes
Turn   | Place    | Note
-------+----------+-------------------------------------------
     0 | D:1      | MajorAdolf the Naga Wanderer began the quest for the Orb.
     0 | D:1      | MajorAdolf set off with the following items: a +2 dagger, a
                  | potion of berserk rage, a +0 quarterstaff, a potion of
                  | curing, a +0 robe, a ration
     0 | D:1      | Reached XP level 1. HP: 21/21 MP: 1/1
    40 | D:1      | Reached skill level 1 in Short Blades
   250 | D:1      | Reached XP level 2. HP: 22/28 MP: 2/2
   624 | D:1      | Reached XP level 3. HP: 31/34 MP: 3/3
  1504 | D:2      | Reached XP level 4. HP: 39/42 MP: 4/4
  2978 | D:3      | Reached XP level 5. HP: 42/49 MP: 5/5
  3056 | D:3      | Noticed Rwicked's ghost (amateur GrFi)
  3058 | D:3      | Found a transporter.
  3066 | D:3      | Found a transporter.
  3165 | D:3      | Noticed a big kobold
  3192 | D:3      | Killed a big kobold
  3192 | D:3      | Reached skill level 5 in Short Blades
  3437 | D:4      | Noticed Ijyb
  3472 | D:4      | Killed Ijyb
  3472 | D:4      | Reached XP level 6. HP: 48/56 MP: 6/6
  4134 | D:4      | Found a staircase to the Ecumenical Temple.
  4171 | D:4      | Reached XP level 7. HP: 19/62 MP: 7/7
  4502 | Temple   | Entered the Ecumenical Temple
  4879 | D:4      | Found Aweghym's Armour Shoppe.
  4884 | D:4      | Bought a +0 pair of gloves for 63 gold pieces
  4946 | D:5      | Entered Level 5 of the Dungeon
  5149 | D:5      | Found an ornate altar of the Wu Jian Council.
  5151 | D:5      | Found an iron altar of Okawaru.
  5225 | D:5      | Found a hazy altar of Hepliaklqana.
  5578 | D:5      | Reached XP level 8. HP: 59/69 MP: 8/8
  5982 | D:5      | Found a sacrificial altar of Ru.
  6189 | D:6      | Noticed a two-headed ogre
  7044 | D:6      | Killed a two-headed ogre
  7044 | D:6      | Reached XP level 9. HP: 55/75 MP: 9/9
  7312 | D:6      | Reached skill level 4 in Stealth
  7442 | D:6      | Found a burning altar of Makhleb.
  7478 | D:6      | Reached skill level 5 in Stealth
  7546 | D:6      | Reached skill level 1 in Long Blades
  7667 | D:6      | Found a shadowy altar of Dithmenos.
  7858 | D:6      | Became a worshipper of Dithmenos the Shadowed
  8569 | D:7      | Found a hide-covered altar of Uskayaw.
  8571 | D:7      | Noticed a +0 dagger
  8571 | D:7      | Noticed a +0 dagger
  9269 | D:7      | Reached skill level 5 in Long Blades
  9764 | D:8      | Reached XP level 10. HP: 71/84 MP: 10/10
  9782 | D:8      | Reached * piety under Dithmenos
  9922 | D:4      | Bought a cursed +0 buckler for 21 gold pieces
 11032 | D:8      | Found an opulent altar of Gozag.
 11466 | D:8      | Reached skill level 6 in Stealth
 11786 | D:8      | Noticed Maurice
 11794 | D:8      | Reached skill level 7 in Stealth
 11968 | D:8      | Killed Maurice
 11968 | D:8      | Reached skill level 8 in Stealth
 12203 | D:9      | Found a sparkling altar of Nemelex Xobeh.
 12240 | D:9      | Gained mutation: You tend to lose your temper in combat.
                  | [potion of mutation]
 12240 | D:9      | Gained mutation: Your body sometimes deteriorates upon
                  | taking damage. [potion of mutation]
 12240 | D:9      | Gained mutation: You are agile. (Dex +2) [potion of
                  | mutation]
 12241 | D:9      | Lost mutation: Your body sometimes deteriorates upon taking
                  | damage. [potion of mutation]
 12241 | D:9      | Lost mutation: You are agile. (Dex +2) [potion of mutation]
 12241 | D:9      | Lost mutation: You tend to lose your temper in combat.
                  | [potion of mutation]
 12241 | D:9      | Gained mutation: You are occasionally teleported next to
                  | monsters. [potion of mutation]
 12241 | D:9      | Gained mutation: You are covered in fur. (AC +1) [potion of
                  | mutation]
 12276 | D:9      | Noticed a death yak
 12651 | D:9      | Reached skill level 9 in Stealth
 12797 | D:9      | Found a staircase to the Lair.
 12799 | D:9      | Noticed a death yak
 12802 | D:9      | Noticed a death yak
 12817 | D:9      | Killed a death yak
 12817 | D:9      | Reached skill level 10 in Stealth
 12825 | D:9      | Killed a death yak
 12825 | D:9      | Reached skill level 12 in Stealth
 12830 | D:9      | HP: 6/126 [death yak (9)]
 12835 | D:9      | HP: 3/126 [death yak (11)]
 12837 | D:9      | Slain by a death yak

Levels and vault maps discovered:
D:1:      tarquinn_simple_flora_water_e, layout_basic,
          chequers_serial_rivers_small_a
D:2:      layout_loops_corners
D:3:      cheibrodos_thug_alley, layout_rooms, gammafunk_ghost_arena
D:4:      layout_loops_ring, minmay_temple_entry_large_hall, serial_shops,
          kennysheep_little_box, uniq_ijyb
D:5:      layout_basic, nicolae_ru_the_path_less_chosen, minitemple,
          kennysheep_mini, first_ration, kennysheep_generic_room_5
D:6:      layout_cave_pools, marbit_many_paths, bloody_makhleb
D:7:      layout_basic, dancing_weapons_uskayaw, kennysheep_nondescript
D:8:      layout_basic, grunt_gozag_breadcrumbs, uniq_maurice
D:9:      layout_small_grid, nemelex_xobeh_ov_fountains_minmay,
          gammafunk_temple_overflow_statue, dpeg_lair_monsters, enter_bailey_4
Temple:   cyrus_circular_temple

Skill      XL: |  1  2  3  4  5  6  7  8  9 10 |
---------------+-------------------------------+-----
Short Blades   | 1 2 3 4 5 6 8 11 | 11.3
Stealth        | 5 12 | 12.1
Long Blades    | 6 8 |  8.4
Fighting       | |  3.0
Axes           | |  1.0
Staves         | |  1.0
Armour         | |  1.5
Dodging        | |  1.0

Action                   |  1- 3 |  4- 6 |  7- 9 | 10-12 || total
-------------------------+-------+-------+-------+-------++-------
Melee: Dagger            |   170 |   343 |   660 |       ||  1173
       Falchion          |       |       |   151 |   206 ||   357
 Abil: Spit Poison       |     3 |    22 |     8 |     3 ||    36
  Use: Scroll            |       |       |    12 |    12 ||    24
       Potion            |       |       |     2 |    12 ||    14
 Stab: Sleeping          |     2 |       |       |       ||     2
  Eat: Chunk             |       |     6 |    15 |     8 ||    29
       Ration            |       |     1 |       |       ||     1
Armor: Robe              |     3 |       |       |       ||     3
       Scale mail        |   105 |   200 |   289 |    37 ||   631
       Skin              |       |       |    28 |    74 ||   102
Dodge: Dodged            |    49 |   114 |   195 |    52 ||   410
       Deflected         |     1 |     3 |     9 |       ||    13
Block: Buckler           |       |       |       |    32 ||    32
       Rpst.: Falchion   |       |       |    19 |    18 ||    37
